 Dungeon Crawl Stone Soup version 0.31-a0-806-g0bc164a743 (webtiles) character file.

Game seed: 12330552168664878452

137 lunkers the Ruffian (level 5, 0/40 HPs)
             Began as a Meteoran Shapeshifter on Sept 20, 2023.
             Slain by an iguana (8 damage)
             ... on level 4 of the Dungeon.
             The game lasted 00:02:47 (1754 turns).

lunkers the Ruffian (Meteoran Shapeshifter)         Turns: 1754, Time: 00:02:48

Health: 0/40       AC:  2    Str: 16    XL:     5   Next: 72%
Magic:  6/6        EV: 12    Int: 11    God:
Gold:   279        SH:  0    Dex: 15    Spells: 4/4 levels left

rFire   . .          .
                       - Unarmed
rCold   . . .        (no shield)
rNeg    . . .        a - +0 animal skin
rPois   .            (helmet currently unavailable)
rElec   .            (cloak currently unavailable)
rCorr   .            (gloves currently unavailable)
SInv    .            (boots currently unavailable)
Will    .....        (no amulet)
Stlth   +            (no ring)
HPRegen 0.26/turn    (no ring)
MPRegen 0.10/turn

%: no passive effects
@: beast-form, glowing, studying Staves
A: beast (slay +2), sense surroundings 1, otherworldly, glowing, explore regen
a: Begin Untransformation


You were on level 4 of the Dungeon.
You were a hulking beast.
You visited 1 branch of the dungeon, and saw 4 of its levels.

You collected 279 gold pieces.

Inventory:

Armour
 a - a +0 animal skin (worn)
Talismans
 c - a beast talisman (active)
 d - a flux talisman
Wands
 m - a wand of paralysis (4)
Scrolls
 e - a scroll of amnesia {unknown}
 g - a scroll of poison {unknown}
 j - 2 scrolls of enchant armour {unknown}
Potions
 b - a potion of lignification
 f - 2 potions of attraction
 h - a potion of curing
 i - a potion of enlightenment
 k - a potion of mutation {unknown}
 l - 2 potions of resistance {unknown}


   Skills:
 - Level 1.1 Fighting
 - Level 2.1 Dodging
 * Level 6.0 Unarmed Combat
 + Level 4.7 Shapeshifting


You had 4 spell levels left.
You didn't know any spells.
Your spell library was empty.

Dungeon Overview and Level Annotations

Branches:
Dungeon (4/15) Zot: 655
 Temple: D:4-7

Altars:
Dithmenos
Wu Jian


Innate Abilities, Weirdness & Mutations

You are a hulking beast.
Your limbs bulge with bestial killing power. (Slay +2)
You passively map a small area around you.
You are easily found by Zot.
You glow in the dark.
You regain HP and MP as you explore.


Message History

You punch the phantom!
The phantom is severely damaged.
The iguana closely misses you. The quokka barely misses you.
The phantom hits you.
* * * LOW HITPOINT WARNING * * *
The phantom blinks!
You blink.
You hit the phantom but do no damage.
The phantom is severely damaged.
The phantom hits you.
* * * LOW HITPOINT WARNING * * *
You hit the phantom.
The phantom is almost destroyed.
The phantom misses you.
You hit the phantom.
The phantom is almost destroyed.
The quokka misses you. The iguana bites you!
* * * LOW HITPOINT WARNING * * *
The phantom hits you but does no damage.
You punch the phantom!
You destroy the phantom!
The quokka bites you but does no damage.
The iguana barely misses you.
Your Unarmed Combat skill increases to level 6!
You have reached level 5!
You hit the iguana but do no damage. The quokka closely misses you.
You hit the iguana but do no damage. The iguana barely misses you.
The quokka barely misses you.
You hit the iguana but do no damage. The quokka misses you.
The iguana misses you.
You hit the iguana.
The iguana is moderately wounded.
The quokka bites you.
* * * LOW HITPOINT WARNING * * *
The iguana bites you.
* * * LOW HITPOINT WARNING * * *
You punch the iguana! Your punch misses the iguana.
The iguana is almost dead.
The quokka bites you but does no damage.
The iguana bites you!
You die...

* ,* +* ###.* ,
.#..* * ....#####
,, *#.....#####.#
#.........$(# *
#..........##
#...rl.....#######
#...h.......)...<#
#..........#######
#=.........#
#..........#
############


You could see an iguana and a quokka.

Vanquished Creatures
  A phantom (D:4)
  An adder (D:2)
  A worm (D:2)
  A dart slug (D:3)
  3 orcs (D:3)
  7 bats
  4 endoplasms
  4 giant cockroaches
  4 goblins
  3 hobgoblins
  A jackal (D:3)
  A quokka (D:3)
  4 ball pythons
  3 frilled lizards (D:2)
  4 kobolds
  3 rats
45 creatures vanquished.

Notes
Turn   | Place    | Note
-------+----------+-------------------------------------------
     0 | D:1      | lunkers the Meteoran Shapeshifter began the quest for the
                  | Orb.
     0 | D:1      | Reached XP level 1. HP: 16/16 MP: 2/2
    77 | D:1      | Reached XP level 2. HP: 23/23 MP: 3/3
   119 | D:1      | Reached skill level 4 in Unarmed Combat
   550 | D:2      | Reached XP level 3. HP: 28/28 MP: 4/4
  1172 | D:3      | Reached XP level 4. HP: 35/35 MP: 5/5
  1286 | D:3      | Found an ornate altar of the Wu Jian Council.
  1430 | D:3      | Found a shadowy altar of Dithmenos.
  1462 | D:3      | Reached skill level 5 in Unarmed Combat
  1707 | D:3      | Glimpsed the power of Zot.
  1725 | D:4      | Noticed a phantom
  1749 | D:4      | Killed a phantom
  1750 | D:4      | Reached skill level 6 in Unarmed Combat
  1750 | D:4      | Reached XP level 5. HP: 10/40 MP: 6/6
  1754 | D:4      | Slain by an iguana

Illustrated notes

Levels and vault maps discovered:
D:1:      erik_arrival_blinker_ship, layout_loops_corners
D:2:      layout_loops_ring
D:3:      minmay_chambers_of_threes, layout_loops_corners,
          mainiacjoe_overflow_paths, amcnicky_altar_gilded
D:4:      layout_basic, temple_doors_e, grunt_ministairs_11,
          minmay_strange_pillars, nicolae_elemental_shop, hangedman_decor_push,
          minmay_goblin_outpost

Skill      XL: |  1  2  3  4 |
---------------+-------------+-----
Unarmed Combat | 4 6 |  6.0
Shapeshifting  | 4 |  4.7
Fighting       | |  1.1
Dodging        | |  2.1

Action                     |  1- 3 |  4- 6 || total
---------------------------+-------+-------++-------
  Melee: Unarmed           |    68 |    48 ||   116
         Punch             |     2 |     2 ||     4
    Use: Scroll            |     3 |       ||     3
 Armour: Animal skin       |    33 |    27 ||    60
  Dodge: Dodged            |    45 |    37 ||    82

Table legend: (Time is in decaauts)
 A = Elapsed time spent in this place.
 B = Non-inter-level travel time spent in this place.
 C = Inter-level travel time spent in this place.
 D = Time resting spent in this place.
 E = Time spent auto-exploring this place.
 F = Levels seen in this place.
 G = Mean time per level.
                   A        B        C        D        E       F      G
               +--------+--------+--------+--------+--------+-----+--------+
         Total |   1743 |   1624 |    119 |      0 |   1361 |   4 |  435.8 |
       Dungeon |   1743 |   1624 |    119 |      0 |   1361 |   4 |  435.8 |
               +--------+--------+--------+--------+--------+-----+--------+

Top non-repeatable levels by time:
     D:3: 752 daAuts
     D:1: 490 daAuts
     D:2: 471 daAuts
     D:4: 29 daAuts
